 Dungeon Crawl Stone Soup version 0.20.1-1-g8b1a95d (webtiles) character file.

261 BingusPrime the Ruffian (level 6, -11/51 HPs)
             Began as a Ghoul Gladiator on Nov 27, 2017.
             Mangled by an ogre
             ... wielding a +0 giant club
              (26 damage)
             ... on level 4 of the Dungeon.
             The game lasted 00:30:38 (2696 turns).

BingusPrime the Ruffian (Ghoul Gladiator)           Turns: 2696, Time: 00:30:39

Health: -11/51     AC:  4    Str: 18    XL:     6   Next: 18%
Magic:  0/5        EV: 13    Int:  4    God:
Gold:   115        SH:  0    Dex: 11    Spells: 5/5 levels left

rFire    . . .     SeeInvis .   q - +0 trident (venom)
rCold    + . .     Gourm    .   (no shield)
rNeg     + + +     Faith    .   a - +0 leather armour
rPois    ∞         Spirit   +   b - +0 helmet
rElec    .         Reflect  .   (no cloak)
rCorr    .         Harm     .   (no gloves)
MR       +....                  (no boots)
Stlth    +.........             v - amulet of guardian spirit
Regen    0.0/turn               p - ring of protection from magic
MPRegen  0.1/turn               (no ring)

@: rotting
A: rotting body, claws 1, carnivore 3, cold resistance 1, negative energy
resistance 3, inhibited regeneration, torment resistance, unbreathing
a: no special abilities


You were on level 4 of the Dungeon.
You were not hungry.

You visited 1 branch of the dungeon, and saw 4 of its levels.

You collected 115 gold pieces.

Inventory:

Hand Weapons
 f - a +0 dagger
 q - a +0 trident of venom (weapon)
 w - a -1 mace
 z - a -3 whip
Missiles
 c - 3 throwing nets (quivered)
 i - 170 stones
 m - 4 tomahawks
Armour
 a - a +0 leather armour (worn)
 b - a +0 helmet (worn)
 e - a +0 helmet
 k - a +0 ring mail
 n - a +0 cloak
 x - a +0 animal skin
Jewellery
 p - a ring of protection from magic (left claw)
 v - an amulet of guardian spirit (around neck)
Wands
 h - a wand of flame (24/48)
Scrolls
 j - a scroll of recharging
 o - a scroll of noise {unknown}
 s - a scroll of teleportation
 y - a scroll of enchant weapon {unknown}
 C - 2 scrolls of identify
Potions
 r - a potion of curing {unknown}
 t - a potion of berserk rage {unknown}
 u - 2 potions of invisibility
Books
 B - a book of Changes

   Spells                             Type                      Level
   a - Beastly Appendage              Transmutation                1
   b - Sticks to Snakes               Transmutation                2
   c - Spider Form                    Transmutation/Poison         3
   d - Ice Form                       Ice/Transmutation            4
   e - Blade Hands                    Transmutation                5
Comestibles
 g - a meat ration
 l - 3 bread rations
 A - a royal jelly


   Skills:
 + Level 3.1 Fighting
 + Level 1.2 Polearms
 + Level 2.1 Throwing
 + Level 2.0 Armour
 + Level 3.4 Dodging
 + Level 1.3 Stealth
 + Level 5.0 Unarmed Combat


You had 5 spell levels left.
You didn't know any spells.

Dungeon Overview and Level Annotations

Branches:
Dungeon (4/15)
 Temple: D:4-7

Altars:


Innate Abilities, Weirdness & Mutations

Your body is rotting away.
You thrive on raw meat.
You are immune to poison.
You have sharp fingernails.
You are carnivorous and can eat meat at any time.
Your flesh is cold resistant. (rC+)
You are immune to negative energy. (rN+++)
You do not regenerate when monsters are visible.
You are immune to unholy pain and torment.
You can survive without breathing.


Message History

As you read the scroll of remove curse, it crumbles to dust.
You feel as if something is helping you.
The quokka skeleton bites you.
Your +0 trident of venom begins to drip with poison!
q - a +0 trident of venom (weapon)
You puncture the quokka skeleton!
You destroy the quokka skeleton!
You see here a leopard gecko corpse.
Attack whom?
Press: ? - help, Dir - move target cursor, f - ogre
Aim: an ogre, wielding a giant club
Okay, then.
You butcher the leopard gecko corpse.
The ogre hits you with a giant club!
* * * LOW HITPOINT WARNING * * *
You see here 2 chunks of flesh.
The ogre barely misses you.
You see here 2 chunks of flesh.
You barely miss the ogre. The ogre hits you with a giant club!!
Ouch! That really hurt!
You die...

#..# #.# ##.#######.####
#..##........#
#####.##........#
#......#........#
#......#........#
#......#........#
###########.O....#........#
#...........@.............#
#.#########.....#.........#
#.#######
##########......###
#.#..... ....... ###'###...
#.#.... !....... #.# #...
#.#..8 8....8# ##.###...
#.#..# #....# #....#...
#.#.%####....## ##..#.####
#.#..8##8....8##8
#.........


You could see an ogre.

Vanquished Creatures
  A hound (D:4)
  An orc wizard (D:3)
  A worker ant (D:4)
  Robin (D:3)
  6 adders
  2 oozes
  A worm (D:2)
  4 dart slugs
  2 leopard geckos
  7 orcs
  A ball python (D:2)
  7 bats
  3 giant cockroaches (D:2)
  10 goblins
  4 hobgoblins
  16 jackals
  3 kobolds (D:1)
  8 frilled lizards
  A quokka skeleton (D:4)
  11 rats
90 creatures vanquished.

Vanquished Creatures (others)
  A kobold (D:1)
1 creature vanquished.

Grand Total: 91 creatures vanquished

Notes
Turn   | Place    | Note
-------+----------+-------------------------------------------
     0 | D:1      | BingusPrime the Ghoul Gladiator began the quest for the Orb.
     0 | D:1      | Reached XP level 1. HP: 17/17 MP: 0/0
   136 | D:1      | Reached XP level 2. HP: 18/24 MP: 1/1
   428 | D:1      | Reached XP level 3. HP: 29/30 MP: 2/2
   534 | D:1      | HP: 1/30 [jackal (1)]
   537 | D:1      | Reached skill level 4 in Unarmed Combat
   815 | D:2      | Reached XP level 4. HP: 27/37 MP: 3/3
   877 | D:2      | Reached skill level 1 in Stealth
   911 | D:2      | Reached skill level 1 in Armour
  1431 | D:3      | Reached XP level 5. HP: 30/42 MP: 4/4
  1887 | D:3      | Noticed Robin
  1893 | D:3      | Reached skill level 5 in Unarmed Combat
  1930 | D:3      | Killed Robin
  2378 | D:4      | Reached skill level 1 in Polearms
  2378 | D:4      | Reached XP level 6. HP: 36/51 MP: 2/5
  2696 | D:4      | Mangled by an ogre

Skill      XL: |  1  2  3  4  5  6 |
---------------+-------------------+-----
Throwing       | 2 |  2.1
Dodging        | 3 |  3.4
Unarmed Combat | 4 5 |  5.0
Stealth        | 1 |  1.3
Armour         | 1 2 |  2.0
Fighting       | 3 |  3.1
Polearms       | 1 |  1.2

Action                   |  1- 3 |  4- 6 || total
-------------------------+-------+-------++-------
Melee: Unarmed           |   108 |    70 ||   178
       Punch             |     1 |     4 ||     5
       Trident           |       |   120 ||   120
       Mace              |       |     6 ||     6
  Use: Scroll            |     3 |     6 ||     9
       Potion            |     1 |       ||     1
 Stab: Invisible         |     2 |       ||     2
       Sleeping          |       |     1 ||     1
  Eat: Chunk             |    10 |    30 ||    40
       Meat ration       |     1 |     1 ||     2
Armor: Leather armour    |    42 |    62 ||   104
Dodge: Dodged            |    91 |   175 ||   266
